 Dungeon Crawl Stone Soup version 0.28.0-53-g5a82cb258f (webtiles) character file.

Game seed: 14446993933492530667

8050 bnorton916 the Thaumaturge (level 11, -22/54 HPs)
             Began as a Deep Elf Fire Elementalist on June 13, 2022.
             Was an Initiate of Gozag.
             Annihilated by a komodo dragon (24 damage)
             ... on level 1 of the Lair of Beasts.
             The game lasted 00:20:45 (19364 turns).

bnorton916 the Thaumaturge (DEFE)                  Turns: 19364, Time: 00:20:46

Health: -22/54     AC: 16    Str:  7    XL:     11   Next: 4%
Magic:  23/30      EV: 12    Int: 36    God:    Gozag
Gold:   733        SH:  0    Dex: 14    Spells: 21/37 levels left

rFire   . . .      SeeInvis .   (no weapon)
rCold   + + +      Faith    +   (no shield)
rNeg    . . .      Spirit   .   t - +4 robe of Vuryenao {Contam Fly rCorr Dex+3}
rPois   .          Reflect  .   m - +2 helmet
rElec   +          Harm     .   A - +1 cloak
rCorr   +          Rampage  .   u - +0 pair of gloves
Will    +....                   g - +2 pair of boots
Stlth   ++........              n - amulet "Vosch" {Faith rElec rC+++ Int+7 Dex-4}
HPRegen 0.18/turn               N - +6 ring of intelligence
MPRegen 0.22/turn               (no ring)

@: flying
A: no striking features
a: Renounce Religion, Potion Petition, Call Merchant, Bribe Branch


You were on level 1 of the Lair of Beasts.
You worshipped Gozag.
Gozag was pleased with you.
You visited 2 branches of the dungeon, and saw 10 of its levels.

You collected 1545 gold pieces.
You spent 255 gold pieces at shops.
You paid 557 gold pieces to Gozag.

Inventory:

Hand Weapons
 x - the +9 long sword of Destiny {vorpal, rN++ Str-2}
   (You bought it in a shop on level 6 of the Dungeon)

   It inflicts extra damage upon your enemies.
   Str:       It affects your strength (-2).
   rN:        It greatly protects you from negative energy.
 y - a +0 dagger of electrocution
 O - the +8 whip "Snakebite" {venom, curare, rPois}
   (You found it on level 1 of the Lair of Beasts)

   It poisons the flesh of those it strikes.
   It occasionally inflicts asphyxiating poison on those it strikes, dealing
   poison damage and causing slowness.
   rPois:     It protects you from poison.
Missiles
 e - 367 stones
 f - 12 javelins
 o - 8 poisoned darts
 K - 2 datura-tipped darts
 M - 4 curare-tipped darts (quivered)
Armour
 a - a +0 robe
 d - a +3 leather armour
 g - a +2 pair of boots (worn)
 k - the -2 hat of the Alchemist {rElec rPois rF+ rC+ rN+ Will+ rMut rCorr}
   (You found it on level 7 of the Dungeon)

   rF:        It protects you from fire.
   rC:        It protects you from cold.
   rElec:     It insulates you from electricity.
   rPois:     It protects you from poison.
   rN:        It protects you from negative energy.
   rCorr:     It protects you from acid and corrosion.
   rMut:      It protects you from mutation.
   Will:      It increases your willpower.
 m - a +2 helmet (worn)
 t - the +4 robe of Vuryenao (worn) {Contam Fly rCorr Dex+3}
   (You found it on level 5 of the Dungeon)

   Dex:       It affects your dexterity (+3).
   Fly:       It grants you flight.
   Contam:    It causes magical contamination when unequipped.
   rCorr:     It protects you from acid and corrosion.
 u - a +0 pair of gloves (worn)
 A - a +1 cloak (worn)
Magical Staves
 w - a staff of poison
Jewellery
 n - the amulet "Vosch" (around neck) {Faith rElec rC+++ Int+7 Dex-4}
   (You found it on level 4 of the Dungeon)

   [amulet of faith]

   It allows you to gain divine favour quickly.
   Int:       It affects your intelligence (+7).
   Dex:       It affects your dexterity (-4).
   rC:        It renders you almost immune to cold.
   rElec:     It insulates you from electricity.
 q - an amulet of reflection
 I - a ring of flight
 J - a ring of see invisible
 N - a +6 ring of intelligence (left hand)
Wands
 B - a wand of polymorph (8)
 E - a wand of iceblast (1)
Scrolls
 b - 2 scrolls of magic mapping {unknown}
 c - a scroll of blinking
 h - 3 scrolls of immolation
 p - a scroll of torment {unknown}
 r - a scroll of fog
 s - a scroll of teleportation
 C - a scroll of amnesia {unknown}
 D - a scroll of enchant weapon
 H - a scroll of fear {unknown}
Potions
 i - a potion of might
 j - 2 potions of mutation
 l - a potion of brilliance
 v - 3 potions of curing
 z - a potion of lignification
 F - 2 potions of degeneration
 G - a potion of magic
 L - a potion of heal wounds {unknown}


   Skills:
 - Level 4.0 Armour
 - Level 2.4 Dodging
 - Level 2.4 Stealth
 + Level 13.7 Spellcasting
 + Level 11.4 Conjurations
 - Level 8.6 Fire Magic


You had 21 spell levels left.
You knew the following spells:

 Your Spells              Type           Power      Damage    Failure   Level
a - Foxfire               Conj/Fire      100%       2x1d9     1%          1
b - Scorch                Fire           100%       2d10      1%          2
c - Conjure Flame         Conj/Fire      77%        6-21      1%          3
d - Flame Wave            Conj/Fire      77%        2d14      1%          4
e - Searing Ray           Conj           100%       2d8       1%          2
f - Fulminant Prism       Conj/Hex       30%        3d16      1%          4

Your spell library contained the following spells:

 Spells                   Type           Power      Damage    Failure   Level
 Magic Dart               Conj           100%       1d8       0%          1
 Animate Skeleton         Necr           48%        N/A       1%          1
 Pain                     Necr           96%        1d8       1%          1
 Inner Flame              Hex/Fire       53%        N/A       1%          3
 Gell's Gravitas          Tloc           24%        N/A       4%          3
 Teleport Other           Tloc           24%        N/A       4%          3
 Vampiric Draining        Necr           24%        2d7       4%          3
 Animate Dead             Necr           12%        N/A       16%         4
 Borgnjor's Vile Clutch   Necr/Erth      12%        N/A       41%         5
 Death Channel            Necr           12%        N/A       94%         6
 Dispersal                Tloc           12%        N/A       94%         6


Dungeon Overview and Level Annotations

Branches:
Dungeon (9/15)             Temple (0/1) D:5            Lair (1/6) D:9
    Orc: D:9-12

Altars:
Dithmenos
Gozag
Hepliaklqana
Ru
Trog

Shops:
D:6 (   Lair:1 =


Message History

The foxfire hits the komodo dragon but does no damage.
The komodo dragon is severely wounded.
The komodo dragon bites you!
Unknown command.
Casting: Foxfire (safe; 1% risk of failure)
Confirm with . or Enter, or press ? or * to list all spells.
You conjure some foxfire!
The komodo dragon bites you!
The foxfire hits the komodo dragon but does no damage.
The komodo dragon is severely wounded.
The foxfire hits the komodo dragon but does no damage.
The komodo dragon is severely wounded.
The komodo dragon bites you but does no damage.
Unknown command.
Casting: Foxfire (safe; 1% risk of failure)
Confirm with . or Enter, or press ? or * to list all spells.
Flames lash the komodo dragon.
The komodo dragon is severely wounded.
The komodo dragon bites you!!
* * * LOW HITPOINT WARNING * * *
The komodo dragon misses you.
Unknown command.
Okay, then.
Unknown command.
Unknown command.
Aiming: Iceblast
Press: ? - help, Shift-Dir - straight line The mass of ice explodes!
The iceblast engulfs the komodo dragon!
The komodo dragon is almost dead.
The komodo dragon bites you but does no damage.
Unknown command.
Unknown command.
Unknown command.
Unknown command.
Aiming: Iceblast
Press: ? - help, Shift-Dir - straight line The mass of ice explodes!
The iceblast engulfs the komodo dragon.
The komodo dragon is almost dead.
The komodo dragon bites you!!
You die...
Your body crumbles into a pile of gold.

..#.........#...##.# ...
#..#................. .. ..
............#...##.... .# ...
#.................#.... .##..
#.........(..#...## ... .#.#
###..#.............#
..#######.#..#.#+.######...######
.................................
.(..............@l...............
.......^.........................
.................................
.................................
.................................
#..#####.##.....#######..........
########........# #.....##..#
##.......##....### ##.....##..#
.#.......##......# #......##...


You could see a komodo dragon (combustible).

Vanquished Creatures
  A hydra (D:6)
  A two-headed ogre (D:9)
  An ice statue (D:8)
  A black mamba (Lair:1)
  2 cane toads (Lair:1)
  A spriggan (D:7)
  6 yaks
  10 water moccasins
  3 ice beasts
  2 black bears (D:6)
  A necrophage (D:7)
  5 ogres
  3 centaurs
  6 wolves (Lair:1)
  A phantom (D:7)
  A kobold brigand (D:9)
  2 bullfrogs
  5 scorpions
  A wyvern zombie (D:6)
  A wyvern skeleton (D:7)
  6 killer bees (D:8)
  A howler monkey (D:6)
  5 wights (D:7)
  3 bullfrog zombies
  A centaur zombie (D:9)
  3 hounds
  A jelly (D:6)
  A centaur skeleton (D:5)
  5 bullfrog skeletons
  An iguana (D:4)
  3 orc wizards
  A howler monkey zombie (D:5)
  Robin (D:3)
  2 howler monkey skeletons
  6 gnolls
  4 adders
  A shadow imp (D:7)
  2 white imps
  2 worms (D:2)
  5 dart slugs
  12 orcs
  A ball python (D:1)
  3 bats
  7 endoplasms
  3 giant cockroaches (D:1)
  13 goblins
  8 hobgoblins
  12 kobolds
  A quokka (D:4)
  A frilled lizard (D:1)
  2 rats (D:1)
171 creatures vanquished.

Vanquished Creatures (collateral kills)
  A foxfire (Lair:1)
1 creature vanquished.

Vanquished Creatures (others)
  600 foxfires
  10 fulminant prisms
  16 fungi
  5 plants (Lair:1)
631 creatures vanquished.

Grand Total: 803 creatures vanquished

Notes
Turn   | Place    | Note
-------+----------+-------------------------------------------
     0 | D:1      | bnorton916 the Deep Elf Fire Elementalist began the quest
                  | for the Orb.
     0 | D:1      | Reached XP level 1. HP: 10/10 MP: 6/6
   159 | D:1      | Reached XP level 2. HP: 15/15 MP: 4/8
   879 | D:1      | Reached XP level 3. HP: 19/19 MP: 3/10
  1421 | D:2      | Found a faded altar of an unknown god.
  1706 | D:2      | Found an opulent altar of Gozag.
  1712 | D:2      | Became a worshipper of Gozag Ym Sagoz the Greedy
  2297 | D:3      | Reached skill level 4 in Spellcasting
  2434 | D:3      | Noticed Robin
  2442 | D:3      | Killed Robin
  2491 | D:3      | Reached XP level 4. HP: 21/24 MP: 9/12
  2627 | D:3      | Learned a level 2 spell: Scorch
  3133 | D:3      | Found a shadowy altar of Dithmenos.
  3135 | D:3      | Found a bloodstained altar of Trog.
  3743 | D:4      | Noticed an ogre
  4076 | D:4      | Learned a level 3 spell: Conjure Flame
  4079 | D:4      | Identified the amulet "Vosch" {Faith rElec rC+++ Int+7
                  | Dex-4}
  4155 | D:4      | Reached XP level 5. HP: 20/28 MP: 7/14
  4782 | D:4      | Killed an ogre
  4783 | D:4      | Reached skill level 5 in Spellcasting
  4783 | D:4      | Reached skill level 5 in Fire Magic
  5111 | D:4      | Reached XP level 6. HP: 32/32 MP: 6/16
  5949 | D:5      | Entered Level 5 of the Dungeon
  5990 | D:5      | Reached skill level 6 in Spellcasting
  6080 | D:5      | Reached XP level 7. HP: 36/36 MP: 9/18
  6090 | D:5      | Reached skill level 5 in Conjurations
  6763 | D:5      | Identified the +4 robe of Vuryenao {Contam Fly rCorr Dex+3}
  7108 | D:5      | Found a staircase to the Ecumenical Temple.
  7118 | D:5      | Reached skill level 7 in Spellcasting
  7437 | D:5      | Reached XP level 8. HP: 32/41 MP: 14/21
  7739 | D:5      | Found a hazy altar of Hepliaklqana.
  7854 | D:6      | Reached skill level 8 in Spellcasting
  8180 | D:6      | Learned a level 4 spell: Flame Wave
  8183 | D:6      | Learned a level 2 spell: Searing Ray
  8188 | D:6      | Learned a level 4 spell: Fulminant Prism
  8341 | D:6      | Found Vaybel's Antique Weapon Shop.
  8425 | D:6      | Bought a crude long sword for 255 gold pieces
  8425 | D:6      | Identified the +9 long sword of Destiny {vorpal, rN++
                  | Str-2} (You bought it in a shop on level 6 of the Dungeon)
  8612 | D:6      | Noticed an eight-headed hydra
  8626 | D:6      | Killed an eight-headed hydra
  8627 | D:6      | Reached skill level 9 in Spellcasting
  8627 | D:6      | Reached XP level 9. HP: 45/45 MP: 11/24
 10876 | D:7      | Reached skill level 10 in Spellcasting
 10878 | D:7      | Reached skill level 1 in Armour
 11027 | D:7      | Found the -2 hat of the Alchemist {rElec rPois rF+ rC+ rN+
                  | Will+ rMut rCorr}
 12296 | D:8      | Reached skill level 11 in Spellcasting
 12597 | D:8      | Noticed an ice statue
 13259 | D:8      | Killed an ice statue
 13260 | D:8      | Reached XP level 10. HP: 38/50 MP: 9/27
 14034 | D:8      | Found a sacrificial altar of Ru.
 14198 | D:9      | Noticed a two-headed ogre
 14214 | D:9      | Killed a two-headed ogre
 14675 | D:9      | Found a staircase to the Lair.
 14696 | Lair:1   | Entered Level 1 of the Lair of Beasts
 14696 | Lair:1   | Noticed a cane toad
 14709 | Lair:1   | Killed a cane toad
 15191 | Lair:1   | Reached skill level 12 in Spellcasting
 15297 | Lair:1   | Reached skill level 10 in Conjurations
 17173 | Lair:1   | Reached skill level 13 in Spellcasting
 17173 | Lair:1   | Noticed a black mamba
 17187 | Lair:1   | Killed a black mamba
 18386 | Lair:1   | Found the +8 whip "Snakebite" {venom, curare, rPois}
 18480 | Lair:1   | Noticed a seven-headed hydra
 19060 | Lair:1   | Noticed a cane toad
 19069 | Lair:1   | Killed a cane toad
 19070 | Lair:1   | Reached XP level 11. HP: 38/54 MP: 23/30
 19361 | Lair:1   | HP: 1/54 [komodo dragon (25)]
 19364 | Lair:1   | Annihilated by a komodo dragon

Illustrated notes

Levels and vault maps discovered:
D:1:      dpeg_arrival_tiny_c, layout_loops_ring, minmay_misc_feat_rows,
          minivault_19, minmay_crystal_water
D:2:      layout_loops_cross, basic_altar, basic_ecumenical_altar
D:3:      layout_basic, nicolae_overflow_hidden_temple, uniq_robin
D:4:      layout_loops_ring, serial_aquarium, aquarium_bridge_square
          [aquarium_subvault_bridge, aquarium_subvault_bridge,
          aquarium_subvault_balcony, aquarium_subvault_bridge],
          aquarium_window_fake, aquarium_window_corner, aquarium_window_corner,
          aquarium_view_2a, aquarium_balcony_3a
D:5:      layout_loops_ring, worldfamousw_hep_ancestral_shrine,
          minmay_temple_entry_grid
D:6:      layout_loops_ring, serial_shops, nicolae_lakefront_shop,
          minmay_quadrilaterals
D:7:      layout_basic, the_hattery
D:8:      minmay_separated_statues, layout_basic, mainiacjoe_overflow_brackets,
          uniq_harold
D:9:      layout_gridville, lair_entry_dummy
Lair:1:   minmay_guarded_unrand_snakebite, layout_regular_city

Skill      XL: |  1  2  3  4  5  6  7  8  9 10 |
---------------+-------------------------------+-----
Conjurations   | 2 3 4 5 7 9 11 | 11.4
Spellcasting   | 4 5 6 7 9 11 13 | 13.7
Fire Magic     | 4 5 6 8 |  8.6
Armour         | 3 4 |  4.0
Dodging        | |  2.4
Stealth        | |  2.4

Action                   |  1- 3 |  4- 6 |  7- 9 | 10-12 || total
-------------------------+-------+-------+-------+-------++-------
Throw: Dart              |       |       |       |     1 ||     1
 Cast: Foxfire           |   104 |    68 |   148 |    39 ||   359
       Scorch            |       |    12 |    87 |    51 ||   150
       Conjure Flame     |       |     4 |    11 |     6 ||    21
       Fulminant Prism   |       |       |     5 |     5 ||    10
       Searing Ray       |       |       |     1 |       ||     1
       Flame Wave        |       |       |       |     4 ||     4
Invok: Call Merchant     |       |       |       |     1 ||     1
Evoke: Wand              |       |       |       |     2 ||     2
  Use: Scroll            |       |       |    14 |     4 ||    18
       Potion            |       |       |       |     1 ||     1
Armor: Robe              |     2 |     4 |    67 |    60 ||   133
Dodge: Dodged            |     9 |     5 |    71 |    65 ||   150
